 Dungeon Crawl Stone Soup version 0.29-a0-384-g6960b1960d (webtiles) character file.

Game seed: 5332145465353336460

170 jimonade the Conjurer (level 5, -6/29 HPs)
             Began as a Deep Elf Conjurer on May 8, 2022.
             Killed from afar by an orc wizard (12 damage)
             ... with a puff of flame
             ... on level 3 of the Dungeon.
             The game lasted 00:08:17 (3700 turns).

jimonade the Conjurer (Deep Elf Conjurer)           Turns: 3700, Time: 00:08:18

Health: -6/29      AC:  6    Str:  6    XL:     5   Next: 25%
Magic:  13/13      EV: 12    Int: 23    God:
Gold:   169        SH:  0    Dex: 13    Spells: 10/13 levels left

rFire   . . .      SeeInvis .   h - +0 dagger
rCold   . . .      Faith    .   (no shield)
rNeg    . . .      Spirit   .   a - +0 robe
rPois   .          Reflect  .   (no helmet)
rElec   .          Harm     .   (no cloak)
rCorr   .          Rampage  .   (no gloves)
Will    .....                   (no boots)
Stlth   ++........              (no amulet)
HPRegen 0.09/turn               f - +4 ring of protection
MPRegen 0.13/turn               (no ring)

@: no status effects
A: no striking features
a: no special abilities


You were on level 3 of the Dungeon.
You visited 1 branch of the dungeon, and saw 3 of its levels.

You collected 169 gold pieces.

Inventory:

Hand Weapons
 g - a +0 short sword
 h - a +0 dagger (weapon)
 v - a +2 vampiric war axe
Missiles
 e - 37 stones
 q - 5 atropa-tipped darts
Armour
 a - a +0 robe (worn)
 p - a +0 ring mail
 r - a scarf of harm
Jewellery
 f - a +4 ring of protection (left hand)
 u - a ring of protection from cold
Scrolls
 k - 2 scrolls of blinking {unknown}
 l - a scroll of magic mapping {unknown}
 n - 2 scrolls of fear {unknown}
 o - a scroll of identify {unknown}
 s - a scroll of teleportation {unknown}
Potions
 b - a potion of magic
 c - 2 potions of mutation {unknown}
 d - 4 potions of curing {unknown}
 i - 2 potions of brilliance {unknown}
 j - 3 potions of haste {unknown}
 m - a potion of cancellation {unknown}
 t - a potion of heal wounds {unknown}


   Skills:
 * Level 1.5 Fighting
 - Level 2.4 Dodging
 - Level 2.4 Stealth
 + Level 4.6 Spellcasting
 + Level 6.0 Conjurations


You had 10 spell levels left.
You knew the following spells:

 Your Spells              Type           Power      Damage    Failure   Level
a - Magic Dart            Conj           100%       1d8       1%          1
b - Searing Ray           Conj           66%        2d6       1%          2

Your spell library contained the following spells:

 Spells                   Type           Power      Damage    Failure   Level
 Dazzling Flash           Conj/Hex       38%        N/A       9%          3
 Summon Small Mammal      Summ           20%        N/A       10%         1
 Iskenderun's Battlesphe  Conj           33%        2d9       22%         5
 Fulminant Prism          Conj/Hex       9%         3d7       28%         4
 Iskenderun's Mystic Bla  Conj/Tloc      19%        2d6       28%         4
 Call Canine Familiar     Summ           5%         N/A       30%         3
 Gell's Gravitas          Tloc           5%         N/A       30%         3
 Summon Guardian Golem    Hex/Summ       5%         N/A       30%         3
 Teleport Other           Tloc           5%         N/A       30%         3
 Iron Shot                Conj/Erth      9%         9d3       99%         6
 Dispersal                Tloc           2%         N/A       100%        6
 Spellforged Servitor     Conj/Summ      9%         N/A       100%        7


Dungeon Overview and Level Annotations

Branches:
Dungeon (3/15)

Altars:


Message History

The magic dart hits the ball python.
You kill the ball python!
Magic restored.
An endoplasm comes into view.
The magic dart hits the endoplasm.
The endoplasm is almost dead.
The endoplasm quivers.
The magic dart hits the endoplasm!
You kill the endoplasm!
n - 2 scrolls labelled ARIRHU QEIMA (gained 1)
You pick up a book of Callings and begin reading...
You add the spells Summon Small Mammal, Call Canine Familiar and Summon Guardian Golem to your library.
An orc wizard comes into view. It is wielding a +0 dagger.
The magic dart hits the orc wizard but does no damage.
The orc wizard shouts!
The magic dart hits the orc wizard!
The orc wizard is heavily wounded.
A bat comes into view.
An orc priest comes into view. It is wielding a +0 mace.
The magic dart hits the orc wizard.
The orc wizard is severely wounded.
The orc priest shouts!
The orc wizard casts a spell.
The orc wizard flickers and vanishes!
Deactivating autopickup; reactivate with Ctrl-A.
The magic dart hits the bat.
You kill the bat!
A magic dart appears from out of thin air!
The magic dart hits you.
The orc priest mumbles some strange prayers to Beogh against you.
Beogh smites you!
Ouch! That really hurt!
Something tries to affect you, but you resist.
A magic dart appears from out of thin air!
The magic dart hits you.
* * * LOW HITPOINT WARNING * * *
There is a stone staircase leading up here.
A puff of flame appears from out of thin air!
The puff of flame hits you!
You die...

.# #... ##.# ##. ... #...
...#.... #..# ######... .....###
###...####........ ........ .....
.........†.. .......##### #..#
####........ ####.......#####.#
####.#### ### ####..#.....#
##.####
..########......@##########......
.........{.##.##..#......#..#....
##...####.........[...[..#.##....
###.......###..###........##....
####.##..### #..# #.......###....
.....###..#####.# #.......# #....
.##### ##.....#.###......##......
.# ###......####).#..#.... .#
#....###......)..#


There were no monsters in sight!

Vanquished Creatures
  An orc priest (D:3)
  An orc wizard (D:3)
  3 gnolls (D:3)
  2 adders (D:2)
  A worm (D:2)
  2 dart slugs
  3 orcs (D:3)
  2 ball pythons
  7 bats
  4 endoplasms
  3 giant cockroaches
  4 hobgoblins (D:1)
  7 jackals
  6 kobolds
  2 quokkas
  4 frilled lizards
  A goblin (D:1)
  10 rats
63 creatures vanquished.

Notes
Turn   | Place    | Note
-------+----------+-------------------------------------------
     0 | D:1      | jimonade the Deep Elf Conjurer began the quest for the Orb.
     0 | D:1      | Reached XP level 1. HP: 10/10 MP: 6/6
   293 | D:1      | Reached XP level 2. HP: 15/15 MP: 5/8
   651 | D:1      | Reached skill level 5 in Conjurations
   795 | D:1      | Reached XP level 3. HP: 17/20 MP: 0/9
  1532 | D:1      | You fall into a shaft and drop 1 floor!
  2179 | D:2      | Learned a level 2 spell: Searing Ray
  2244 | D:2      | Reached skill level 1 in Fighting
  2646 | D:2      | Reached XP level 4. HP: 25/25 MP: 7/11
  2810 | D:2      | Found a faded altar of an unknown god.
  3283 | D:3      | Reached XP level 5. HP: 29/29 MP: 6/13
  3291 | D:3      | Reached skill level 6 in Conjurations
  3700 | D:3      | Killed from afar by an orc wizard

Illustrated notes

Levels and vault maps discovered:
D:1:      wheals_arrival_linesprint, layout_basic,
          wander_ebering_terrifying_dragon_lair
D:2:      layout_basic, ebering_ecumenical_altar_hall, interstate_on_off
D:3:      layout_rooms

Skill      XL: |  1  2  3  4  5 |
---------------+----------------+-----
Conjurations   | 5 6 |  6.0
Fighting       | 1 |  1.5
Spellcasting   | 4 |  4.6
Dodging        | |  2.4
Stealth        | |  2.4

Action                   |  1- 3 |  4- 6 || total
-------------------------+-------+-------++-------
 Cast: Magic Dart        |    76 |    34 ||   110
       Searing Ray       |     4 |     3 ||     7
Armor: Robe              |     3 |     3 ||     6
Dodge: Dodged            |     6 |     1 ||     7

Table legend: (Time is in decaauts)
 A = Elapsed time spent in this place.
 B = Non-inter-level travel time spent in this place.
 C = Inter-level travel time spent in this place.
 D = Time resting spent in this place.
 E = Time spent auto-exploring this place.
 F = Levels seen in this place.
 G = Mean time per level.
                   A        B        C        D        E       F      G
               +--------+--------+--------+--------+--------+-----+--------+
         Total |   3702 |   3559 |    143 |    580 |   2329 |   3 | 1234.0 |
       Dungeon |   3702 |   3559 |    143 |    580 |   2329 |   3 | 1234.0 |
               +--------+--------+--------+--------+--------+-----+--------+

Top non-repeatable levels by time:
     D:1: 1786 daAuts
     D:2: 1536 daAuts
     D:3: 379 daAuts
